[Event "*** Titled Tuesday Blitz"]
[Site "Chess.com"]
[Date "2021.04.27"]
[Round "6"]
[White "MaevskiyNikolay"]
[Black "Nikolakis2014"]
[Result "0-1"]
[WhiteElo "2475"]
[BlackElo "2629"]
[TimeControl "180+1"]
[EndTime "11:06:28 PDT"]
[Termination "Nikolakis2014 won by checkmate"]

1. Nf3 Nf6 2. c4 e6 3. d4 c5 4. e3 a6 5. Nc3 d5 6. b3 cxd4 7. exd4 Bb4 8. Bd2 O-O 9. Bd3 dxc4 10. bxc4 Nc6 11. Rb1 Nxd4 12. Rxb4 Nc6 13. Ne4 Qxd3 14. Nxf6+ gxf6 15. Rb3 Qxc4 16. Rc3 Qe4+ 17. Re3 Qc4 18.
Rc3 Qd5 19. O-O Rd8 20. Qc1 e5 21. Bh6 Bf5 22. Ng5 Bg6 23. Nh3 Nd4 24. Re1 Qe6 25.
Nf4 Qf5 26. Nxg6 hxg6 27. Be3 Kg7 28. Bh6+ Kg8 29. Be3 Rd6 30. Rc7 Rad8 31. h3 b5 32.
Qb2 g5 33. Qb4 Nc2 34. Rxc2 Qxc2 35. Kh2 Qf5 36. Bc5 Rd5 37. Be3 Kg7 38. Qb2 Rd3 39.
Qb4 Qe6 40. Qe4 f5 41. Qb7 f4 42. Bb6 R8d7 43. Qb8 e4 44. f3 e3 45. h4 g4 46.
h5 gxf3 47. gxf3 Rd2+ 48. Kg1 Qh3 49. h6+ Kh7 50. Qf8 Qg2# 0-1

[Event "*** Titled Tuesday Blitz"]
[Site "Chess.com"]
[Date "2021.04.27"]
[Round "6"]
[White "chessmadara"]
[Black "Mrlammy"]
[Result "0-1"]
[WhiteElo "2135"]
[BlackElo "2263"]
[TimeControl "180+1"]
[EndTime "11:06:29 PDT"]
[Termination "Mrlammy won on time"]

1. e4 e6 2. d4 d5 3. Nc3 Bb4 4. e5 c5 5. Bd2 cxd4 6. Na4 Bxd2+ 7. Qxd2 Nc6 8. Nf3 Nge7 9. Bb5 Bd7 10. Nxd4 Nxe5 11.
Bxd7+ Nxd7 12. O-O O-O 13. Rfe1 Nb6 14. Nc5 Qc8 15. b4 Nc6 16. Nb5 Nc4 17. Qc3 Nxb4 18. Qxb4 a5 19. Qc3 Qxc5 20. Nd4 Rac8 21. Rab1 b6 22. Rb5 Qa3 23. Qxa3 Nxa3 24. Rxb6 Nxc2 25. Nxc2 Rxc2 26. Ra1 Rfc8 27. g3 g6 28. Ra6 R8c5 29. Ra7 Rb2 30. a4 Rcc2 31. Rf1 Ra2 32. Rxa5 Rc4 33. Rb1 Rcxa4 34. Rb8+ Kg7 35. Rc5 Rc4 36. Rcb5 Rcc2 0-1

[Event "*** Titled Tuesday Blitz"]
[Site "Chess.com"]
[Date "2021.04.27"]
[Round "6"]
[White "catzapto"]
[Black "secretsuperstar7"]
[Result "0-1"]
[WhiteElo "2101"]
[BlackElo "2213"]
[TimeControl "180+1"]
[EndTime "11:06:31 PDT"]
[Termination "secretsuperstar7 won by resignation"]

1. e4 c5 2. Nf3 d6 3. c3 Nf6 4. Be2 Bd7 5. Qc2 g6 6. O-O Bg7 7. Re1 O-O 8. h3 Nc6 9. d4 cxd4 10.
cxd4 Nb4 11. Qb3 a5 12. Nc3 Rb8 13. a3 Nc6 14. Bf4 Nh5 15. Bh2 Nxd4 16. Nxd4 Bxd4 17.
Bxh5 gxh5 18. Nd5 Kh8 19. Rad1 Bg7 20. Qf3 f5 21. Qxh5 fxe4 22. Rxe4 Rf5 23. Qh4 e5 24. Qxd8+ Rxd8 25. Ne7 Rf7 26. Nd5 Bc6 27. Rh4 Rdf8 28. f3 Rf5 29. Nc3 R5f6 30. Ne4 Bxe4 31. fxe4 Rc8 32. Rd2 Rc1+ 0-1

[Event "*** Titled Tuesday Blitz"]
[Site "Chess.com"]
[Date "2021.04.27"]
[Round "6"]
[White "ukchessbomber"]
[Black "gurelediz"]
[Result "1-0"]
[WhiteElo "2523"]
[BlackElo "2665"]
[TimeControl "180+1"]
[EndTime "11:06:32 PDT"]
[Termination "ukchessbomber won on time"]

1. d4 Nf6 2. c4 e6 3. Nc3 Bb4 4. a3 Bxc3+ 5. bxc3 O-O 6. f3 d5 7. cxd5 exd5 8. e3 c5 9. Bd3 Nc6 10. Ne2 Re8 11. O-O b6 12. Ng3 Bd7 13. Bb2 Qc7 14. e4 dxe4 15. fxe4 Bg4 16. Qc1 Rad8 17. e5 Nd5 18.
Qg5 Be6 19. Nh5 g6 20. Qh6 f5 21. exf6 Qf7 22. Qg7+ Qxg7 23. Nxg7 cxd4 24. Nxe8 dxc3 25.
f7+ Bxf7 26. Nf6+ Nxf6 27. Bxc3 Nd5 28. Bb2 Ne3 29. Rfc1 Bd5 30. Bb5 Na5 31. Rc7 Bxg2 32.
Rg7+ Kf8 33. Rxh7 Rd2 34. Bc1 Rd1+ 35. Kf2 Nc2 36. Bh6+ Kg8 37. Rg7+ Kh8 38. Rxd1 Nc6 39. Bxc6 1-0

[Event "*** Titled Tuesday Blitz"]
[Site "Chess.com"]
[Date "2021.04.27"]
[Round "6"]
[White "nicoderboss24"]
[Black "beautroll"]
[Result "0-1"]
[WhiteElo "2244"]
[BlackElo "2475"]
[TimeControl "180+1"]
[EndTime "11:06:32 PDT"]
[Termination "beautroll won by resignation"]

1. e4 c5 2. Nf3 d6 3. d4 cxd4 4. Nxd4 Nf6 5. Nc3 a6 6. Be3 e5 7.
Nb3 Be6 8. Be2 Nbd7 9. a4 Rc8 10. O-O Be7 11. Kh1 h5 12. f4 exf4 13. Bxf4 Qc7 14.
Bf3 Ne5 15. Rc1 Nfd7 16. Nd5 Bxd5 17. exd5 Qc4 18. Bxh5 Qxa4 19. Qe2 Rc4 20. Bg3 Re4 21. Qd1 Bg5 22. Ra1 Qc4 23. Bf3 Re3 24. Re1 Rxe1+ 25. Qxe1 Bf4 26. Bxf4 Qxf4 27. h3 Kf8 28. Kg1 Rxh3 29.
gxh3 Nxf3+ 30. Kg2 Nxe1+ 31. Rxe1 Qg5+ 32. Kh2 Qxd5 33. Re2 Ne5 0-1

[Event "*** Titled Tuesday Blitz"]
[Site "Chess.com"]
[Date "2021.04.27"]
[Round "6"]
[White "PavelShkapenko"]
[Black "Ibrayevnb"]
[Result "1-0"]
[WhiteElo "2670"]
[BlackElo "2482"]
[TimeControl "180+1"]
[EndTime "11:06:33 PDT"]
[Termination "PavelShkapenko won on time"]

1. e4 c5 2. c3 Nf6 3. e5 Nd5 4. d4 cxd4 5. cxd4 e6 6. Nc3 Nxc3 7. bxc3 Qc7 8. Bd2 b6 9. f4 Be7 10. Bd3 Ba6 11. Bxa6 Nxa6 12. Nf3 Qc4 13. Kf2 O-O 14. Rf1 Nc7 15. Qe2 Qxe2+ 16. Kxe2 b5 17. a4 a6 18. Ra2 Nd5 19. Rfa1 Rac8 20. axb5 axb5 21. Kd3 Rc6 22. Ra7 Rfc8 23. Rxd7 b4 24. cxb4 Bxb4 25. Ra2 Bxd2 26. Kxd2 Nxf4 27. g3 Nd5 28. Ng5 h6 29. Nxf7 Nb4 30.
Rb2 Rc2+ 31. Rxc2 Rxc2+ 32. Ke3 Nd5+ 33. Kf3 Rc3+ 34. Kg2 Rc2+ 35. Kh3 Ne3 36. Nd8 Nf1 37. Nxe6 g5 38. Kg4 Nxh2+ 39. Kh5 1-0

[Event "*** Titled Tuesday Blitz"]
[Site "Chess.com"]
[Date "2021.04.27"]
[Round "6"]
[White "barbara25"]
[Black "woodhy"]
[Result "0-1"]
[WhiteElo "2285"]
[BlackElo "2486"]
[TimeControl "180+1"]
[EndTime "11:06:33 PDT"]
[Termination "woodhy won by resignation"]

1. e4 e6 2. d4 d5 3. Nc3 Bb4 4. e5 c5 5. a3 Bxc3+ 6. bxc3 Ne7 7. Qg4 Qc7 8. Qxg7 Rg8 9. Qxh7 cxd4 10. Ne2 Nbc6 11. f4 dxc3 12. Rb1 a6 13. Qd3 Bd7 14. Nxc3 Na5 15. h3 Rc8 16. Ne2 Bb5 17. Qd2 Nc4 18.
Qc3 Qc5 19. Nd4 Rg3 20. Qa1 Nxa3 21. Bxa3 Rxa3 22. Qb2 Bxf1 23. Rxf1 b5 24. Rf3 Rxf3 25. gxf3 Nc6 26. c3 Kd7 27. Ra1 Rg8 28. Kf1 Qc4+ 29. Qe2 Nxd4 30. Qxc4 dxc4 31. cxd4 Rg3 32. Ra5 Rxf3+ 33.
Kg2 Rxf4 34. Rxa6 Rxd4 35. Rb6 Rd5 36. Kg3 Rxe5 37. Rb7+ Ke8 38. Kg4 Kf8 39. h4 Kg7 40. h5 Kh6 41. Rxf7 Rg5+ 42. Kf4 Rf5+ 0-1

[Event "*** Titled Tuesday Blitz"]
[Site "Chess.com"]
[Date "2021.04.27"]
[Round "6"]
[White "InitiatingASC"]
[Black "tteshan"]
[Result "1-0"]
[WhiteElo "2400"]
[BlackElo "2239"]
[TimeControl "180+1"]
[EndTime "11:06:33 PDT"]
[Termination "InitiatingASC won by checkmate"]

1. d4 d5 2. c4 dxc4 3. e3 Nf6 4.
Bxc4 e6 5. Nc3 a6 6. Nf3 b5 7.
Bd3 Bb7 8. O-O Nbd7 9. e4 c5 10. e5 Nd5 11. Ne4 cxd4 12. Bg5 Qb8 13. Nxd4 Qxe5 14.
Nf3 Qb8 15. Re1 Nc5 16. Bc2 Nxe4 17. Bxe4 Qd6 18. Qd2 Be7 19. Rad1 Rd8 20. Qc2 h6 21. Bxe7 Qxe7 22. Nd4 O-O 23. Nc6 Bxc6 24. Qxc6 Nb4 25. Qb6 Rxd1 26. Rxd1 Nxa2 27. Qxa6 Nb4 28. Qxb5 Rc8 29.
Bb1 Nd5 30. Qd3 g6 31. Qg3 Qc7 32. Qh3 Qb7 33. Qxh6 Qxb2 34. Bxg6 Rf8 35. Qh7# 1-0

[Event "*** Titled Tuesday Blitz"]
[Site "Chess.com"]
[Date "2021.04.27"]
[Round "6"]
[White "lamomiablanca"]
[Black "GelmanAlexander"]
[Result "1-0"]
[WhiteElo "2420"]
[BlackElo "2585"]
[TimeControl "180+1"]
[EndTime "11:06:34 PDT"]
[Termination "lamomiablanca won on time"]

1. e4 c5 2. d3 e6 3. Nf3 Nc6 4. g3 Nf6 5. Bg2 d5 6. Qe2 Be7 7. a4 O-O 8. O-O Re8 9. e5 Nd7 10. h4 b6 11. Bf4 a5 12. Na3 Ba6 13. c3 Rc8 14. Rfe1 Na7 15. c4 Bb7 16. Rad1 d4 17.
Nb5 Nxb5 18. axb5 a4 19. Ra1 Ra8 20. Ra3 Ra7 21. Ng5 Bxg2 22. Kxg2 Bxg5 23. Bxg5 Qa8+ 24.
Kh2 h6 25. Bf4 Qb7 26. Qg4 Kh8 27. Qh5 Nf8 28. Rea1 Rea8 29. Re1 Kh7 30. Re4 Ng6 31. Bd2 Rg8 32. g4 Qb8 33. g5 Nxe5 34. Bf4 f6 35. gxf6 1-0

[Event "*** Titled Tuesday Blitz"]
[Site "Chess.com"]
[Date "2021.04.27"]
[Round "6"]
[White "BahadirOzen"]
[Black "m_ezat"]
[Result "1-0"]
[WhiteElo "2666"]
[BlackElo "2494"]
[TimeControl "180+1"]
[EndTime "11:06:35 PDT"]
[Termination "BahadirOzen won by resignation"]

1. g3 Nf6 2. Bg2 g6 3. e4 d6 4. d4 Bg7 5. Ne2 O-O 6. O-O c5 7. dxc5 dxc5 8. Qxd8 Rxd8 9. e5 Nfd7 10. f4 Nb6 11. Nbc3 Nc6 12. Be3 Nc4 13. Bxc5 Nxb2 14. Rab1 Nc4 15. Rfd1 Bf5 16. Rxd8+ Rxd8 17. Rxb7 N6a5 18.
Rxa7 Bxc2 19. Bxe7 Rb8 20. Bd5 Bf8 21. Bxf8 Rxf8 22. Nd4 Bd3 23. Ndb5 h5 24. Kf2 h4 25. gxh4 Rb8 26. Rxf7 Kh8 27. Ra7 Rd8 28. h5 gxh5 29. e6 Rf8 30. e7 Rxf4+ 31. Kg3 Rg4+ 32. Kf3 Ne5+ 33. Ke3 Bg6 34. Rxa5 Rg1 35. Ra8+ Kg7 36. Rg8+ Kf6 37. Rxg6+ Nxg6 38. e8=Q Re1+ 39. Ne2 Rxe2+ 40. Kxe2 Nf4+ 41. Kd2 1-0

[Event "*** Titled Tuesday Blitz"]
[Site "Chess.com"]
[Date "2021.04.27"]
[Round "6"]
[White "dosto07"]
[Black "mary-sanna"]
[Result "1-0"]
[WhiteElo "2301"]
[BlackElo "2128"]
[TimeControl "180+1"]
[EndTime "11:06:35 PDT"]
[Termination "dosto07 won by checkmate"]

1. e4 c5 2. Nf3 Nc6 3. Bb5 g6 4. Bxc6 dxc6 5. d3 Bg7 6. h3 Qc7 7. Nc3 e5 8. Be3 b6 9. Qd2 Nf6 10. O-O O-O 11. Bh6 Rd8 12. Bxg7 Kxg7 13. Qg5 h6 14.
Qxe5 Qd7 15. Ne2 Ba6 16. Ng3 Re8 17. Qc3 Re6 18. Rad1 Kh7 19. Rfe1 Rae8 20. b3 Qe7 21.
Nh2 Nd7 22. Nf3 Rd6 23. e5 Re6 24. Ne4 Nxe5 25. Nxe5 Rxe5 26. f4 Re6 27. Nf6+ Qxf6 28. Qxf6 Rxe1+ 29. Rxe1 Rxe1+ 30. Kh2 Kg8 31. Qxc6 Re6 32.
Qc7 Kg7 33. Qxa7 Bc8 34. a4 Kf6 35. Qc7 Re8 36. Qxb6+ Be6 37. Qxc5 Rc8 38. Qe5+ Ke7 39. c4 Rd8 40. d4 Rb8 41. Qxb8 Kf6 42. d5 Kf5 43. Qe5# 1-0

[Event "*** Titled Tuesday Blitz"]
[Site "Chess.com"]
[Date "2021.04.27"]
[Round "6"]
[White "Forantes"]
[Black "olksuna"]
[Result "1-0"]
[WhiteElo "2508"]
[BlackElo "2640"]
[TimeControl "180+1"]
[EndTime "11:06:36 PDT"]
[Termination "Forantes won by checkmate"]

1. Nf3 Nf6 2. g3 b6 3. Bg2 Bb7 4. O-O c5 5. d4 cxd4 6. Qxd4 e6 7. c4 Be7 8. Nc3 d6 9. Rd1 a6 10. b3 Nbd7 11. Ba3 Nc5 12. b4 Nce4 13. Nxe4 Nxe4 14.
Rac1 Bf6 15. Qd3 Qb8 16. Nd2 Nxd2 17. Bxb7 Qxb7 18. Rxd2 Be7 19. c5 dxc5 20. bxc5 bxc5 21. Bxc5 Rd8 22. Qe3 O-O 23. Rxd8 Rxd8 24. Bxe7 Qxe7 25. Qb6 h5 26. Qxa6 h4 27. Qc4 h3 28. Qg4 Qa3 29. Re1 Qxa2 30. Qxh3 Qd2 31. Qf1 g6 32. e3 Kg7 33. Qe2 Qd5 34. h4 Ra8 35. Qb2+ Kg8 36. Rc1 Ra2 37. Rc8+ Kh7 38. Qh8# 1-0

[Event "*** Titled Tuesday Blitz"]
[Site "Chess.com"]
[Date "2021.04.27"]
[Round "6"]
[White "csati17"]
[Black "Orest_Vovk"]
[Result "0-1"]
[WhiteElo "2550"]
[BlackElo "2365"]
[TimeControl "180+1"]
[EndTime "11:06:36 PDT"]
[Termination "Orest_Vovk won on time"]

1. c4 g5 2. d4 h6 3. e4 Bg7 4. h4 g4 5. h5 c5 6. Be3 cxd4 7.
Qxg4 dxe3 8. Qxg7 exf2+ 9. Kd1 fxg1=Q 10. Qxh8 Qxf1+ 11. Rxf1 Kf8 12. Nc3 d6 13. Kc2 Be6 14. Rf3 Nc6 15. Rg3 f6 16. Nd5 Qa5 17. a3 Qc5 18.
Ne3 Qxh5 19. Rf1 Qf7 20. b3 Ke8 21. Nf5 Kd7 22. Nxh6 Nxh6 23. Qxa8 Kc7 24. Qh8 Bxc4 25. Rd1 Ng4 26. Kb2 Nf2 27. Rd2 Nxe4 28. Rc2 Nxg3 29.
Rxc4 Nf5 30. Qh3 Qe6 0-1

[Event "*** Titled Tuesday Blitz"]
[Site "Chess.com"]
[Date "2021.04.27"]
[Round "6"]
[White "chessbia"]
[Black "TengisChess"]
[Result "0-1"]
[WhiteElo "2332"]
[BlackElo "2546"]
[TimeControl "180+1"]
[EndTime "11:06:36 PDT"]
[Termination "TengisChess won on time"]

1. d4 Nf6 2. c4 c5 3. d5 d6 4. Nc3 g6 5. Nf3 Bg7 6. e3 O-O 7. Bd3 Bg4 8. O-O Na6 9. h3 Bxf3 10. Qxf3 Nc7 11. a4 Nd7 12. Bd2 Ne5 13. Qe2 Nxd3 14. Qxd3 a6 15. a5 Rb8 16. Na4 Qe8 17.
Bc3 f6 18. Nb6 Na8 19. Nxa8 Rxa8 20. Ra3 Rb8 21. Rb3 Qd7 22. Qe4 Rbc8 23. Re1 Rc7 24. f4 f5 25. Qd3 Qa4 26. Bxg7 Kxg7 27. Qc3+ Kg8 28. Kf2 Qd7 29. Re2 Re8 30. Rb6 Qa4 31. h4 Rf8 32. g3 Qa1 33. Re1 Qa4 34. Re2 Qe8 35. Rb3 Qd8 36. Rb6 Rd7 37. Qb3 Qc8 38. Qc3 Rc7 39. Qb3 Qd7 40. Qc3 Rf7 41. Qb3 e6 42.
dxe6 Qxe6 43. Qd3 Rfd7 44. Rd2 Rc6 45. Rxc6 bxc6 46. b3 Kf7 47. Qc3 Qf6 48. Qd3 Ke7 49. Qc2 Qe6 50. Qc3 Qf6 51. Qd3 Rb7 52. Kf3 h5 53. e4 fxe4+ 54. Qxe4+ Qe6 55. Qxe6+ Kxe6 56. Rd3 d5 57. Ke3 Re7 58. Kf3 Kd6 59. g4 Re1 60. gxh5 gxh5 61. cxd5 cxd5 62. Kg2 d4 63. Rg3 Rb1 64.
Rg6+ Kd5 65. Rxa6 Rxb3 66. Rh6 Ke4 67. Rxh5 c4 68. Rc5 c3 69. f5 Rb2+ 70. Kf1 c2 0-1

[Event "*** Titled Tuesday Blitz"]
[Site "Chess.com"]
[Date "2021.04.27"]
[Round "6"]
[White "Jospem"]
[Black "MarkoPe"]
[Result "1-0"]
[WhiteElo "2996"]
[BlackElo "2256"]
[TimeControl "180+1"]
[EndTime "11:06:36 PDT"]
[Termination "Jospem won on time"]

1. e4 c5 2. Nf3 d6 3. c3 Nf6 4.
h3 g6 5. Bd3 Bg7 6. Bc2 O-O 7.
O-O Nc6 8. d4 e5 9. d5 Ne7 10.
b4 cxb4 11. cxb4 b6 12. Nc3 Ba6 13. Re1 Rc8 14. Bd2 Nh5 15. b5 Bb7 16. a4 f5 17.
Ng5 Qd7 18. Ne6 Rf7 19. exf5 Nxd5 20. Nxd5 Bxd5 21. fxg6 hxg6 22. Bxg6 Qxe6 23. Qxh5 Rf6 24. Be4 Bxe4 25. Rxe4 Rc2 26. Rd1 Qd5 27. Re2 Qd3 28. Re3 Qd5 29. Qe2 Bh6 30. Rd3 Qf7 31. Qe1 Bg7 32.
Be3 Bf8 33. R3d2 Rc4 34. a5 Rg6 35. Qe2 Rh4 36. Kf1 Qg7 37. f3 Rh5 38. axb6 axb6 39. Bxb6 Rf5 40. Bf2 1-0

[Event "*** Titled Tuesday Blitz"]
[Site "Chess.com"]
[Date "2021.04.27"]
[Round "6"]
[White "Marty435"]
[Black "nrvisakh"]
[Result "0-1"]
[WhiteElo "2607"]
[BlackElo "2818"]
[TimeControl "180+1"]
[EndTime "11:06:39 PDT"]
[Termination "nrvisakh won by checkmate"]

1. e4 c5 2. Nf3 g6 3. c3 Nf6 4. e5 Nd5 5. d4 cxd4 6. Qb3 e6 7.
cxd4 Nc6 8. Nc3 Nxc3 9. bxc3 d6 10. Bb5 Bd7 11. exd6 Bxd6 12. Bh6 Bf8 13. Bg5 Be7 14.
Bh6 Bf8 15. Bxf8 Kxf8 16. O-O Kg7 17. Qb2 Rc8 18. Rfe1 Qf6 19. Re4 Rhd8 20. Rae1 Ne7 21. Bxd7 Rxd7 22. Ne5 Rdc7 23. c4 h5 24. Qd2 Nf5 25. h3 Rd8 26. g4 hxg4 27. hxg4 Nh4 28. Rf4 Qe7 29. Qc3 f6 30. Nd3 Qd6 31. Re3 Qc6 32.
Nc5 Qg2# 0-1

[Event "*** Titled Tuesday Blitz"]
[Site "Chess.com"]
[Date "2021.04.27"]
[Round "6"]
[White "A-Fier"]
[Black "Goryachkina"]
[Result "0-1"]
[WhiteElo "2822"]
[BlackElo "2676"]
[TimeControl "180+1"]
[EndTime "11:06:41 PDT"]
[Termination "Goryachkina won by checkmate"]

1. e4 c5 2. Nf3 e6 3. d4 cxd4 4.
Nxd4 a6 5. c4 Nf6 6. Nc3 Bb4 7.
Qd3 d6 8. f3 Nbd7 9. Be2 O-O 10. a3 Ne5 11. Qc2 Bc5 12. Be3 Bd7 13. O-O Rc8 14. Rad1 Ng6 15. Qd2 Qc7 16. b4 Ba7 17. Kh1 h6 18. Nc2 Bb8 19. f4 Rfd8 20. Bd3 b5 21. c5 dxc5 22. bxc5 Bc6 23. Qe2 e5 24. f5 Nf4 25. Bxf4 exf4 26. Qf3 Qe5 27. Nb4 Qxc3 28. Nxc6 Rxc6 29. e5 Nd5 30. f6 Bxe5 31.
Qg4 Nxf6 32. Qf5 Rcc8 33. c6 g6 34. Qh3 Qxc6 35. Qxh6 Ng4 36. Qh4 Ne3 37. Rf3 Rxd3 38. Rh3 Qxg2# 0-1

[Event "*** Titled Tuesday Blitz"]
[Site "Chess.com"]
[Date "2021.04.27"]
[Round "6"]
[White "kidagent"]
[Black "chess94cu"]
[Result "0-1"]
[WhiteElo "2346"]
[BlackElo "2572"]
[TimeControl "180+1"]
[EndTime "11:06:41 PDT"]
[Termination "chess94cu won by resignation"]

1. e4 d5 2. exd5 Nf6 3. Nf3 Nxd5 4. Bc4 c6 5. d3 Bg4 6. h3 Bh5 7. Qe2 e6 8. g4 Bg6 9. Bg5 Qb6 10.
Bb3 a5 11. a4 Nd7 12. Nbd2 Nc5 13. Ne5 Be7 14. Bxe7 Kxe7 15. Ndc4 Qc7 16. Nd2 Nf4 17.
Nxg6+ hxg6 18. Qf3 Qe5+ 19. Kd1 g5 20. Kc1 Qe2 21.
Qxe2 Nxe2+ 22. Kb1 Nf4 23. Ka2 Rxh3 24. Rxh3 Nxh3 25. f3 Nf4 26. d4 Nd7 27. Rh1 b5 28.
axb5 cxb5 29. c3 Nb6 30. Bc2 f6 31. Be4 Rc8 32. Nb3 b4 33. Nc5 bxc3 34. bxc3 e5 35. Rh7 Kf7 36. Rh1 exd4 37. cxd4 Rd8 38. Rd1 Ne6 39.
Nxe6 Kxe6 40. Bf5+ Kd6 41. Rb1 Nd5 42. Rb5 Nc3+ 0-1

[Event "*** Titled Tuesday Blitz"]
[Site "Chess.com"]
[Date "2021.04.27"]
[Round "6"]
[White "Srisshhhtea"]
[Black "Lenyas66"]
[Result "0-1"]
[WhiteElo "2341"]
[BlackElo "2490"]
[TimeControl "180+1"]
[EndTime "11:06:42 PDT"]
[Termination "Lenyas66 won by checkmate"]

1. d4 Nf6 2. c4 d6 3. Nc3 e5 4. e3 Nc6 5. Nge2 g6 6. d5 Ne7 7. Ng3 Bg7 8. h4 h5 9. Be2 O-O 10. Nce4 Nf5 11. Nxf6+ Bxf6 12. Ne4 Bxh4 13. Bxh5 Ng7 14.
Be2 f5 15. Nc3 e4 16. Bd2 Bd7 17. Qc2 Qe7 18. Nb5 Bxb5 19. cxb5 Bf6 20. O-O-O Kf7 21.
Kb1 Rh8 22. Rc1 Rxh1 23. Rxh1 Be5 24. Bc3 Rc8 25. g4 Bxc3 26. Qxc3 Qe5 27. Qa5 Qxd5 28. Rd1 Qc5 29. Rc1 Qb6 30. Qb4 d5 31.
a4 a5 32. Qc3 Qd6 33. Rh1 Rd8 34. Rh7 d4 35. exd4 Qxd4 36. Qxa5 b6 37. gxf5 bxa5 38. fxg6+ Kxg6 39. Rh1 Qxf2 40. Bc4 Rd2 41. b3 Rb2+ 42. Ka1 Ra2+ 43. Kb1 Qc2# 0-1

[Event "*** Titled Tuesday Blitz"]
[Site "Chess.com"]
[Date "2021.04.27"]
[Round "6"]
[White "campomania3"]
[Black "lucachess49"]
[Result "0-1"]
[WhiteElo "2234"]
[BlackElo "2435"]
[TimeControl "180+1"]
[EndTime "11:06:42 PDT"]
[Termination "lucachess49 won on time"]

1. d4 Nf6 2. c4 e6 3. Nc3 Bb4 4. f3 O-O 5. a3 Bxc3+ 6. bxc3 c5 7. e4 d6 8. Bd3 Nc6 9. Ne2 b6 10. O-O Ba6 11. Bg5 h6 12. Bh4 e5 13. f4 exf4 14. Bxf6 Qxf6 15. Nxf4 cxd4 16. Nd5 Qd8 17. cxd4 Nxd4 18. Qh5 Rc8 19. Rf2 Bxc4 20. Bxc4 Rxc4 21.
Raf1 Qg5 22. Qxg5 hxg5 23. Ne7+ Kh7 24. Rxf7 Rxf7 25. Rxf7 Ne2+ 26. Kf2 Nf4 27. Nf5 Ne6 28. Nxd6 Ra4 29. Re7 Nc5 30. Nf5 Nxe4+ 31. Ke3 Kg6 32.
Nxg7 Nd6 33. Rd7 Nc4+ 34. Kd4 Kf6 0-1

[Event "*** Titled Tuesday Blitz"]
[Site "Chess.com"]
[Date "2021.04.27"]
[Round "6"]
[White "adnan_nn"]
[Black "gmcorrales"]
[Result "1/2-1/2"]
[WhiteElo "2687"]
[BlackElo "2864"]
[TimeControl "180+1"]
[EndTime "11:06:44 PDT"]
[Termination "Game drawn by repetition"]

1. e4 c5 2. b4 cxb4 3. Bb2 d5 4. exd5 Qxd5 5. d4 Nf6 6. c4 bxc3 7. Nxc3 Qd8 8. d5 g6 9. Nf3 Bg7 10. Bb5+ Nbd7 11.
d6 O-O 12. O-O exd6 13. Qxd6 a6 14. Be2 Nb6 15. Qb4 Nfd5 16. Nxd5 Nxd5 17. Qb3 Bxb2 18.
Qxb2 Qf6 19. Qxf6 Nxf6 20. a4 Re8 21. Nd4 Bg4 22. f3 Bd7 23. Rfb1 Rab8 24. a5 Re5 25. Bxa6 Ra8 26. Bxb7 Raxa5 27. Rxa5 Rxa5 28. Ne2 Ra2 29.
Nc3 Rc2 30. Nd5 Kg7 31. Nxf6 Kxf6 32. Be4 Rd2 33. h4 Ke5 34. Kh2 f5 35. Ba8 Rd4 36.
Kg3 f4+ 37. Kh2 Bf5 38. Rb5+ Kf6 39. Rb6+ Kg7 40. h5 gxh5 41. Rb5 Bg6 42. Be4 Kh6 43. Rb6 Kg5 44. Rb5+ Kh4 45. Rb7 Rd2 46. Bxg6 hxg6 47. Rb6 g5 48. Rf6 Rd4 49. Rf7 g4 50. Rxf4 Rxf4 51.
g3+ Kg5 52. gxf4+ Kxf4 53. fxg4 hxg4 54. Kg2 g3 55. Kg1 Kg5 56. Kg2 Kg4 57. Kg1 Kh3 58. Kh1 Kh4 59. Kg2 Kg4 60. Kg1 Kf4 61. Kg2 Kg4 1/2-1/2

[Event "*** Titled Tuesday Blitz"]
[Site "Chess.com"]
[Date "2021.04.27"]
[Round "6"]
[White "Vanina1989"]
[Black "Harry_Rakkel"]
[Result "1-0"]
[WhiteElo "2809"]
[BlackElo "2604"]
[TimeControl "180+1"]
[EndTime "11:06:44 PDT"]
[Termination "Vanina1989 won on time"]

1. d4 Nf6 2. c4 e6 3. Nf3 d5 4.
Nc3 Nbd7 5. Bg5 Be7 6. e3 O-O 7. Rc1 a6 8. cxd5 exd5 9. Bd3 Re8 10. O-O c6 11. Bf4 Nf8 12. Ne5 N6d7 13. Bg3 Nxe5 14. dxe5 Bh4 15. Bxh4 Qxh4 16. f4 f6 17. exf6 Qxf6 18.
Qf3 Bf5 19. Bxf5 Qxf5 20. Rce1 Re7 21. e4 dxe4 22. Rxe4 Rae8 23. Rfe1 Rxe4 24. Nxe4 Kh8 25. g3 h6 26. Kg2 Qd5 27. b3 a5 28. Re2 b5 29. Nc3 Rxe2+ 30. Nxe2 Qd2 31. Kf2 Qxa2 32. Qxc6 Qxb3 33. Qa8 Qb4 34. Ke3 a4 35. Nd4 Kh7 36.
Qe4+ Ng6 37. f5 Qe1+ 38. Ne2 Nf8 39. f6+ Ng6 40. Qf5 Qb4 41. Nf4 1-0

[Event "*** Titled Tuesday Blitz"]
[Site "Chess.com"]
[Date "2021.04.27"]
[Round "6"]
[White "KuzubovYuriy"]
[Black "MatyChess1"]
[Result "1-0"]
[WhiteElo "2867"]
[BlackElo "2678"]
[TimeControl "180+1"]
[EndTime "11:06:47 PDT"]
[Termination "KuzubovYuriy won on time"]

1. d4 d5 2. c4 e6 3. Nc3 Bb4 4.
a3 Bxc3+ 5. bxc3 Nf6 6. cxd5 exd5 7. e3 O-O 8. Bd3 b6 9. Ne2 Ba6 10. Bc2 c5 11. O-O Nc6 12. f3 Re8 13. Rf2 Rc8 14. Ng3 Na5 15. e4 cxd4 16. cxd4 dxe4 17. fxe4 Nc6 18. Bb2 h5 19. Nxh5 Nxe4 20. Bxe4 Rxe4 21. d5 Ne5 22. Ng3 Re3 23. Nf5 Re4 24. Ng3 Re3 25. Qd4 Qg5 26. d6 Bb7 27. Rf5 Rxg3 28. Rxg5 Nf3+ 29. Kf2 Nxd4 30. Kxg3 Ne6 31. Re5 Rd8 32.
Rd1 Nc5 33. h3 Ne4+ 34. Kh2 Nc5 35. Bc3 Ne6 36. d7 Rxd7 37. Rxd7 1-0

[Event "*** Titled Tuesday Blitz"]
[Site "Chess.com"]
[Date "2021.04.27"]
[Round "6"]
[White "Make_it_shine060"]
[Black "Alextorngren"]
[Result "0-1"]
[WhiteElo "2165"]
[BlackElo "2281"]
[TimeControl "180+1"]
[EndTime "11:06:47 PDT"]
[Termination "Alextorngren won by checkmate"]

1. d4 Nf6 2. c4 g6 3. Nc3 Bg7 4.
e4 d6 5. Nge2 O-O 6. Ng3 e5 7.
d5 h5 8. h4 c6 9. Be2 cxd5 10.
cxd5 Na6 11. Bg5 Nc5 12. Bxh5 Qb6 13. Be2 Qxb2 14. Rc1 Bd7 15. h5 Rac8 16. Bd2 a6 17.
Rb1 Qa3 18. h6 Bh8 19. O-O b5 20. Bf3 Kh7 21. Nge2 b4 22. Kh2 bxc3 23. Bxc3 Ng4+ 24.
Kg3 f5 25. exf5 gxf5 26. Bxg4 fxg4 27. Rh1 Ne4+ 28. Kh2 Nxc3 29. Nxc3 Qxc3 30. Rb7 Rc7 31. Qb1+ Bf5 32. Qb6 Rff7 33. Rb8 g3+ 34. fxg3 e4 35. Qxd6 Be5 36. Qd8 Qxg3+ 37. Kg1 Qe1# 0-1

[Event "*** Titled Tuesday Blitz"]
[Site "Chess.com"]
[Date "2021.04.27"]
[Round "6"]
[White "rynos0411"]
[Black "kingofthenil"]
[Result "0-1"]
[WhiteElo "2488"]
[BlackElo "2650"]
[TimeControl "180+1"]
[EndTime "11:06:48 PDT"]
[Termination "kingofthenil won by resignation"]

1. d4 g6 2. c4 Bg7 3. Nc3 Nf6 4. e4 O-O 5. Be3 c6 6. e5 Ne8 7. f4 d5 8. c5 Nc7 9. h3 f6 10. Nf3 fxe5 11. Nxe5 Nd7 12. Bd3 Nxe5 13. fxe5 Bf5 14. O-O Qd7 15. Bxf5 Rxf5 16. Qe2 Raf8 17. b4 Ne6 18.
Rxf5 Rxf5 19. Rf1 Rxf1+ 20. Qxf1 a6 21. a4 Qc7 22. h4 Bxe5 23. dxe5 d4 24. Qc4 Qxe5 25.
Bd2 dxc3 26. Bxc3 Qd5 27. Qxd5 cxd5 28. b5 axb5 29. axb5 Nxc5 30. Bb4 Nb3 31. Bxe7 Kf7 32. Bb4 d4 33. Kf1 Ke6 34. Ke2 Kd5 35. g4 Kc4 36. Bf8 Kxb5 37. Kd3 Ka4 38. h5 gxh5 39. gxh5 b5 40.
Bg7 Kb4 41. h6 Kc5 42. Ke4 Kc4 43. Bf6 d3 44. Bg5 d2 45. Bxd2 Nxd2+ 46. Kf5 b4 47. Kf6 Nf3 48. Kg7 Ng5 49. Kf6 b3 50. Kxg5 b2 51. Kf6 b1=Q 0-1